 Dungeon Crawl Stone Soup version 0.28.0-53-g5a82cb258f (webtiles) character file.

Game seed: 15016969834494270262

133 tizbic2 the Grave Robber (level 5, -2/45 HPs)
             Began as a Ghoul Necromancer on July 26, 2022.
             Slain by Natasha (3 damage)
             ... on level 2 of the Dungeon.
             The game lasted 00:09:42 (1953 turns).

tizbic2 the Grave Robber (Ghoul Necromancer)        Turns: 1953, Time: 00:09:42

Health: -2/45      AC:  3    Str: 12    XL:     5   Next: 16%
Magic:  0/7        EV: 11    Int: 12    God:
Gold:   47         SH:  0    Dex:  9    Spells: 7/8 levels left

rFire   . . .      SeeInvis .   g - +0 dagger
rCold   + . .      Faith    .   (no shield)
rNeg    + + +      Spirit   .   a - +0 leather armour
rPois   ∞          Reflect  .   (no helmet)
rElec   .          Harm     .   (no cloak)
rCorr   +          Rampage  .   (no gloves)
Will    .....                   (no boots)
Stlth   +.........              (no amulet)
HPRegen 0.00/turn               i - ring of resist corrosion
MPRegen 0.10/turn               (no ring)

@: inhibited regen, hasted, very quick
A: claws 1, cold resistance 1, negative energy resistance 3, inhibited
regeneration, torment resistance 2
a: no special abilities


You were on level 2 of the Dungeon.
You visited 1 branch of the dungeon, and saw 2 of its levels.

You collected 47 gold pieces.

Inventory:

Hand Weapons
 g - a +0 dagger (weapon)
Missiles
 c - 50 stones
Armour
 a - a +0 leather armour (worn)
 b - a +0 chain mail
 l - a +0 ring mail
Jewellery
 i - a ring of resist corrosion (left claw)
Scrolls
 h - a scroll of magic mapping
 j - a scroll of teleportation {unknown}
 m - a scroll of enchant weapon {unknown}


   Skills:
 * Level 3.1 Fighting
 + Level 1.5 Armour
 - Level 1.7 Dodging
 - Level 2.1 Stealth
 + Level 2.4 Spellcasting
 + Level 4.5 Necromancy


You had 7 spell levels left.
You knew the following spells:

 Your Spells              Type           Power      Damage    Failure   Level
a - Pain                  Necr           48%        1d6       5%          1

Your spell library contained the following spells:

 Spells                   Type           Power      Damage    Failure   Level
 Animate Skeleton         Necr           24%        N/A       5%          1
 Vampiric Draining        Necr           12%        2d6       16%         3
 Foxfire                  Conj/Fire      4%         2x1d4     32%         1
 Animate Dead             Necr           6%         N/A       45%         4
 Conjure Flame            Conj/Fire      1%         6-21      69%         3
 Inner Flame              Hex/Fire       1%         N/A       69%         3
 Agony                    Necr           12%        N/A       82%         5
 Flame Wave               Conj/Fire      1%         2d4       97%         4


Dungeon Overview and Level Annotations

Branches:
Dungeon (2/15)

Altars:

Annotations:
D:2 Natasha


Innate Abilities, Weirdness & Mutations

You thrive by killing the living.
You are immune to poison.
You have sharp fingernails.
Your flesh is cold resistant. (rC+)
You are immune to negative energy. (rN+++)
You do not regenerate when monsters are visible.
You are immune to unholy pain and torment.


Message History

Natasha claws you.
* * * LOW HITPOINT WARNING * * *
Unknown command.
It was a potion of cancellation.
You feel magically purged. Natasha completely misses you.
It was a potion of haste.
You feel yourself speed up.
Natasha mumbles some strange words.
You hit Natasha but do no damage.
Natasha is moderately wounded.
Natasha casts a spell.
You don't have enough magic to cast this spell.
You closely miss Natasha.
Natasha is moderately wounded.
The crimson imp blinks!
Natasha claws you but does no damage.
You hit Natasha.
Natasha is heavily wounded.
You miss Natasha.
Natasha is heavily wounded.
Natasha closely misses you.
You hit Natasha but do no damage.
Natasha is heavily wounded.
Natasha claws you.
* * * LOW HITPOINT WARNING * * *
You closely miss Natasha.
Natasha is heavily wounded.
Natasha claws you.
* * * LOW HITPOINT WARNING * * *
Aiming: Pain (safe; 5% risk of failure)
Press: ? - help, Q - select action, (/) - cycle Shift-Dir - straight line, f/p - Natasha
Aim: Natasha (heavily wounded, chance to affect: 67%) Natasha struggles to resist.
The crimson imp hits you.
* * * LOW HITPOINT WARNING * * *
You barely miss Natasha.
Natasha is heavily wounded.
Natasha misses you. The crimson imp barely misses you.
As you read the scroll labelled QOECHI VUURU, it crumbles to dust.
The creatures around you are filled with an inner flame!
It was a scroll of immolation.
Natasha claws you.
You die...

#######.##########.#.######.#####
.............^...................
#######.########.#.#.######.#####
#.# ######.#.#.######.#### #.#
#............h.......# #.#
###.##5#.#.######.##.# #.#
#.##5#.#.#....#.##.# #.#
#.##h#.#.#.##.#..#.# #>#
#.##@#.#.#<##.##.#.## #.#
#.##5#.#.####.##.#... #.#
#..)...#....#.##.####
#.########.######.#.##.# #
#..............##.#.##.# #
################.###.##.#.##.# #
..........# #.# #.##.#....# #
#########.# #.# #.##.####.# # #.#
#.# #.##)# ### #


You could see an iron imp (summoned, inner flame), Natasha (inner flame), a
crimson imp (summoned, inner flame) and a shadow imp (summoned, inner flame).

Vanquished Creatures
  Natasha (twice) (D:2)
  2 gnolls
  2 adders (D:2)
  A worm (D:2)
  A dart slug (D:2)
  6 bats
  2 endoplasms
  3 giant cockroaches (D:1)
  A goblin (D:1)
  6 hobgoblins
  5 ball pythons
  7 kobolds
  7 rats
45 creatures vanquished.

Vanquished Creatures (others)
  A plant (D:1)
1 creature vanquished.

Grand Total: 46 creatures vanquished

Notes
Turn   | Place    | Note
-------+----------+-------------------------------------------
     0 | D:1      | tizbic2 the Ghoul Necromancer began the quest for the Orb.
     0 | D:1      | Reached XP level 1. HP: 14/14 MP: 2/2
   167 | D:1      | Reached skill level 1 in Fighting
   167 | D:1      | Reached XP level 2. HP: 23/23 MP: 0/3
   398 | D:1      | Reached XP level 3. HP: 28/28 MP: 0/5
   626 | D:2      | Reached skill level 1 in Armour
   990 | D:2      | Reached XP level 4. HP: 31/36 MP: 3/6
  1730 | D:2      | Noticed Natasha
  1748 | D:2      | Killed Natasha
  1917 | D:2      | Noticed Natasha
  1925 | D:2      | Killed Natasha
  1926 | D:2      | Reached XP level 5. HP: 36/45 MP: 2/7
  1926 | D:2      | Noticed Natasha
  1950 | D:2      | HP: 2/45 [Natasha (2)]
  1953 | D:2      | Slain by Natasha

Illustrated notes

Levels and vault maps discovered:
D:1:      eino_arrival_water_cross, layout_rooms, minmay_distorted
D:2:      layout_basic, uniq_natasha

Skill      XL: |  1  2  3  4 |
---------------+-------------+-----
Fighting       | 1 2 3 |  3.1
Spellcasting   | 2 |  2.4
Armour         | 1 |  1.5
Dodging        | |  1.7
Stealth        | |  2.1
Necromancy     | |  4.5

Action                   |  1- 3 |  4- 6 || total
-------------------------+-------+-------++-------
Melee: Club              |    24 |       ||    24
       Dagger            |    42 |    57 ||    99
       Punch             |     1 |       ||     1
Throw: Stone             |    12 |     7 ||    19
 Cast: Pain              |    41 |    41 ||    82
  Use: Scroll            |     1 |     2 ||     3
       Potion            |       |     2 ||     2
 Stab: Sleeping          |     1 |       ||     1
Armor: Leather armour    |    11 |    19 ||    30
       Robe              |     1 |       ||     1
Dodge: Dodged            |    46 |    24 ||    70
